 Dungeon Crawl Stone Soup version 0.25-a0-843-g6944ee3 (webtiles) character file.

Game seed: 2351128087148553565, levelgen mode: deterministic

243 Faca the Magician (level 5, -5/39 HPs)
             Began as a Mummy Ice Elementalist on Apr 25, 2020.
             Killed from afar by Sigmund (13 damage)
             ... with a puff of flame
             ... on level 4 of the Dungeon.
             The game lasted 00:08:22 (3809 turns).

Faca the Magician (Mummy Ice Elementalist)          Turns: 3809, Time: 00:08:23

Health: -5/39      AC:  7    Str: 11    XL:     5   Next: 82%
Magic:  11/12      EV: 12    Int: 16    God:
Gold:   137        SH:  3    Dex: 12    Spells: 9/13 levels left

rFire    x . .     SeeInvis .   j - +1 whip (venom)
rCold    + . .     Gourm    .   (no shield)
rNeg     + + +     Faith    .   a - +0 robe
rPois    ∞         Spirit   .   (no helmet)
rElec    .         Reflect  +   b - +1 cloak
rCorr    .         Harm     .   c - +2 pair of gloves
MR       .....                  (no boots)
Stlth    ++........             k - +3 amulet of reflection
HPRegen  0.13/turn              (no ring)
MPRegen  0.13/turn              (no ring)

@: no status effects
A: no food or potions, fire vulnerability, cold resistance 1, negative energy
resistance 3, torment resistance, unbreathing
a: no special abilities


You were on level 4 of the Dungeon.
You were not hungry.

You visited 1 branch of the dungeon, and saw 4 of its levels.

You collected 137 gold pieces.

Inventory:

Hand Weapons
 j - a +1 whip of venom (weapon)
Missiles
 d - 40 poisoned darts (quivered)
Armour
 a - a +0 robe (worn)
 b - a +1 cloak (worn)
 c - a +2 pair of gloves (worn)
Jewellery
 k - a +3 amulet of reflection (around neck)
Wands
 f - a wand of enslavement (7)
Scrolls
 e - 2 scrolls of teleportation
 g - a scroll of fog {unknown}
 h - a scroll of enchant armour
 i - a scroll of remove curse


   Skills:
 + Level 2.4 Fighting
   Level 0.7 Short Blades
 - Level 1.5 Dodging
 - Level 1.7 Stealth
 + Level 4.6 Spellcasting
 + Level 4.5 Ice Magic


You had 9 spell levels left.
You knew the following spells:

 Your Spells              Type           Power        Failure   Level  Hunger
a - Freeze                Ice            ###.         2%          1    N/A
b - Frozen Ramparts       Ice            ###...       8%          3    N/A

Your spell library contained the following spells:

 Spells                   Type           Power        Failure   Level  Hunger
 Ozocubu's Armour         Chrm/Ice       ##......     19%         3    N/A
 Hailstorm                Conj/Ice       ##......     52%         4    N/A
 Summon Ice Beast         Ice/Summ       ##......     52%         4    N/A

Dungeon Overview and Level Annotations

Branches:
Dungeon (4/15)
 Temple: D:4-7

Altars:

Annotations:
D:4 Sigmund


Innate Abilities, Weirdness & Mutations

You do not eat or drink.
Your flesh is vulnerable to fire.
You are immune to poison.
Your flesh is cold resistant. (rC+)
You are immune to negative energy. (rN+++)
You are immune to unholy pain and torment.
You can survive without breathing.


Message History

Okay, then.
Throwing (i - inventory)
d - 41 poisoned darts (quivered)
Press: ? - help, Shift-Dir - straight line You throw a poisoned dart.
The frozen ramparts melt away.
You hear some strange, mumbled words.
A puff of flame appears from out of thin air!
The puff of flame hits you but does no damage.
Something hits you.
Casting: Frozen Ramparts (mildly dangerous; 8% risk of failure)
Confirm with . or Enter, or press ? or * to list all spells.
You can't see any susceptible monsters within range! (Use Z to cast anyway.)
Casting: Frozen Ramparts (mildly dangerous; 8% risk of failure)
Confirm with . or Enter, or press ? or * to list all spells.
You don't know that spell.
Something hits you!
* * * LOW HITPOINT WARNING * * *
You hear some strange, mumbled words.
A puff of flame appears from out of thin air!
The puff of flame hits you! The fire burns you terribly!
You die...

### #.# #.# #.# #.# #.#
#########.########
.........{.@.....##
#########..#######..####
#...............)#.....#######
...#...........##..#.........
##)#.(.......#.....##.####
#..###.######..#..#..##.#
#........≈# .#........#
#.%#.....≈# #.##..(..# #
#############.##.....##.


There were no monsters in sight!

Vanquished Creatures
  A howler monkey (D:4)
  A hound (D:4)
  3 gnolls
  6 adders
  An ooze (D:3)
  A worm (D:4)
  3 dart slugs (D:1)
  3 leopard geckos
  2 orcs (D:3)
  5 giant cockroaches
  8 goblins
  9 hobgoblins
  8 jackals
  A quokka (D:3)
  4 bats
  A frilled lizard (D:3)
  10 kobolds
  8 rats
75 creatures vanquished.

Notes
Turn   | Place    | Note
-------+----------+-------------------------------------------
     0 | D:1      | Faca the Mummy Ice Elementalist began the quest for the
                  | Orb.
     0 | D:1      | Reached XP level 1. HP: 13/13 MP: 4/4
   229 | D:1      | Reached XP level 2. HP: 19/19 MP: 5/5
   855 | D:1      | Reached XP level 3. HP: 24/24 MP: 7/7
   860 | D:1      | Learned a level 3 spell: Frozen Ramparts
  1466 | D:1      | Reached XP level 4. HP: 24/31 MP: 0/9
  1543 | D:2      | Reached skill level 1 in Fighting
  2620 | D:3      | Reached XP level 5. HP: 38/38 MP: 11/11
  3782 | D:4      | Noticed Sigmund
  3809 | D:4      | Killed from afar by Sigmund

Levels and vault maps discovered:
D:1:      scummos_arrival_simple_fountains, layout_basic, chequers_big_river
D:2:      layout_basic
D:3:      layout_loops_ring
D:4:      layout_basic, sigmund_edmund_badplayer, uniq_sigmund

Skill      XL: |  1  2  3  4  5 |
---------------+----------------+-----
Spellcasting   | 3 4 |  4.6
Ice Magic      | 4 |  4.5
Fighting       | 1 2 |  2.4
Short Blades   | |  0.7
Dodging        | |  1.5
Stealth        | |  1.7

Action                   |  1- 3 |  4- 6 || total
-------------------------+-------+-------++-------
Melee: Dagger            |    76 |    22 ||    98
       Unarmed           |     7 |       ||     7
       Whip              |       |   117 ||   117
Throw: Dart              |       |     2 ||     2
 Cast: Freeze            |    38 |     6 ||    44
       Frozen Ramparts   |     1 |     1 ||     2
  Use: Scroll            |     2 |     3 ||     5
 Stab: Sleeping          |     4 |     6 ||    10
Armor: Robe              |    23 |    33 ||    56
Dodge: Dodged            |    67 |    70 ||   137
Block: Other             |       |     1 ||     1

Table legend:
 A = Non-vault XP
 B = Vault XP
 C = Vault XP percentage of total XP
 D = Non-vault monster count
 E = Vault monster count
 F = Vault count percentage of total count
                 A         B        C        D         E       F
            +---------+---------+-------+---------+---------+-------
      Total |     348 |       0 |   0.0 |      75 |       0 |   0.0
            +---------+---------+-------+---------+---------+-------
        D:1 |      78 |       0 |   0.0 |      33 |       0 |   0.0
        D:2 |     106 |       0 |   0.0 |      13 |       0 |   0.0
        D:3 |      60 |       0 |   0.0 |      25 |       0 |   0.0
        D:4 |     104 |       0 |   0.0 |       4 |       0 |   0.0
            +---------+---------+-------+---------+---------+-------
